 Dungeon Crawl Stone Soup version 0.31.0-4-g52a2dc7128 (webtiles) character file.

Game seed: 11210325452095862189

48 Kallu the Cudgeller (level 3, -1/46 HPs)
             Began as a Minotaur Fighter on Jan 22, 2024.
             Slain by a gnoll
             ... wielding a +0 halberd
              (4 damage)
             ... on level 2 of the Dungeon.
             The game lasted 00:01:09 (494 turns).

Kallu the Cudgeller (Minotaur Fighter)               Turns: 494, Time: 00:01:10

Health: -1/46      AC: 21    Str: 22    XL:     3   Next: 50%
Magic:  2/2        EV:  2    Int:  5    God:
Gold:   28         SH:  4    Dex:  9    Spells: 2/2 levels left

rFire   . . .        a - +0 flail
rCold   . . .        c - +0 buckler
rNeg    . . .        b - melded +0 scale mail
rPois   +            (helmet currently unavailable)
rElec   .            (cloak currently unavailable)
rCorr   .            (gloves currently unavailable)
SInv    .            (boots currently unavailable)
Will    +....        (no amulet)
Stlth   +            (no ring)
HPRegen 0.27/turn    (no ring)
MPRegen 0.08/turn

%: no passive effects
@: tree-form, enlightened
A: stationary, stasis, torment immunity, boosted hp, (horns 2), (retaliatory
headbutt)
a: no special abilities


You were on level 2 of the Dungeon.
You were a tree.
You visited 1 branch of the dungeon, and saw 2 of its levels.

You collected 28 gold pieces.

Inventory:

Hand Weapons
 a - a +0 flail (weapon)
Armour
 b - a +0 scale mail (melded)
 c - a +0 buckler (worn)
Jewellery
 p - a +6 ring of intelligence
Talismans
 m - a serpent talisman
Scrolls
 e - a scroll of fear {unknown}
 g - a scroll of noise {unknown}
 h - a scroll of blinking {unknown}
 i - a scroll of vulnerability {unknown}
 k - 2 scrolls of identify {unknown}
 n - a scroll of acquirement {unknown}
 o - a scroll of poison {unknown}
 q - a scroll of revelation {unknown}
Potions
 d - 2 potions of might


   Skills:
 - Level 3.6 Fighting
 + Level 4.8 Maces & Flails
 - Level 3.6 Armour
 - Level 3.6 Shields


You had 2 spell levels left.
You didn't know any spells.
Your spell library was empty.

Dungeon Overview and Level Annotations

Branches:
Dungeon (2/15)

Altars:


Innate Abilities, Weirdness & Mutations

You are a tree.
Your roots penetrate the ground, keeping you stationary.
You cannot be teleported.
You are immune to unholy pain and torment.
Your maximum health is greatly increased.
Your equipment is partially melded.
((You have a pair of horns on your head.))
((You reflexively headbutt those who attack you in melee.))


Message History

You block the gnoll's attack. The gnoll hits you with a +0 flail.
You closely miss the gnoll.
The gnoll is almost dead.
The gnoll hits you from afar with a +0 halberd.
The gnoll hits you with a +0 flail!
You hit the gnoll but do no damage.
The gnoll is almost dead.
The gnoll hits you with a +0 flail!
* * * LOW HITPOINT WARNING * * *
You block the gnoll's attack.
Okay, then.
Unknown command.
The gnoll attacks as it pursues you! The gnoll hits you with a +0 flail.
* * * LOW HITPOINT WARNING * * *
It was a potion of ambrosia.
You are confused.
You feel invigorated. The gnoll closely misses you.
You closely miss the gnoll.
The gnoll is almost dead.
The gnoll hits you with a +0 flail!
* * * LOW HITPOINT WARNING * * *
The gnoll hits you from afar with a +0 halberd.
* * * LOW HITPOINT WARNING * * *
Unknown command.
You bump into the rock wall.
You feel less invigorated.
You feel less confused. The gnoll hits you with a +0 flail.
The gnoll barely misses you.
Unknown command.
You barely miss the gnoll. You headbutt the gnoll.
You kill the gnoll!
The gnoll hits you from afar with a +0 halberd!
* * * LOW HITPOINT WARNING * * *
Unknown command.
It was a potion of lignification.
You turn into a tree.
Your +0 scale mail melds into your body.
Your roots penetrate the ground.
The gnoll completely misses you.
Unknown command.
It was a potion of enlightenment.
Your roots keep you in place.
The gnoll hits you from afar with a +0 halberd.
You die...

##### #...# ## ###
###...###
....###.###.......#
..................#
#.########.###.......#
........♣..# ###...###
.#####)##.# #...#
#g##.# ##.## #J##.#
#.## #.##.# #..#
#.##.# ##.# #.##.# #.#
..# .#######[## ..#
.........#


You could see a gnoll and an endoplasm.

Vanquished Creatures
  2 gnolls (D:2)
  An adder (D:2)
  An endoplasm (D:2)
  3 giant cockroaches
  A goblin (D:1)
  4 ball pythons
  A bat (D:2)
  2 frilled lizards
  4 kobolds (D:1)
  3 rats (D:1)
22 creatures vanquished.

Notes
Turn   | Place    | Note
-------+----------+-------------------------------------------
     0 | D:1      | Kallu the Minotaur Fighter began the quest for the Orb.
     0 | D:1      | Reached XP level 1. HP: 19/19 MP: 0/0
    76 | D:1      | Reached skill level 3 in Maces & Flails
   126 | D:1      | Reached XP level 2. HP: 26/26 MP: 1/1
   398 | D:2      | Reached skill level 4 in Maces & Flails
   483 | D:2      | Reached XP level 3. HP: 31/31 MP: 2/2
   494 | D:2      | Slain by a gnoll

Illustrated notes

Levels and vault maps discovered:
D:1:      onia_arrival_pyramid, layout_rooms
D:2:      layout_loops_ring, chequers_serial_rivers_marsh, dk_noncrumbling_2

Skill      XL: |  1  2 |
---------------+-------+-----
Maces & Flails | 3 4 |  4.8
Fighting       | |  3.6
Armour         | |  3.6
Shields        | |  3.6

Action                     || total
---------------------------++-------
  Melee: Flail             ||    51
         Headbutt          ||     8
    Use: Potion            ||     3
 Armour: Scale mail        ||    34
         Skin              ||     1
  Dodge: Dodged            ||    29
  Block: Buckler           ||    13
